General information
			
			
        
        - name: GHETTOSUCKS
 
        - type: Custom game
 
        - host: Starshaped
 
        - saver: ze.rath3isafaig
 
        
map: EmeraldGardens 
        - players: 12
 
        - length: 71:44
 
        - speed: Fast
 - version: 1.22 W3XP
 - replay type:  Public
 
» download(650 KB)
Players
        team 1 (loser) 
              
              
Starshaped (
pink | 85 APM | 5980 actions | 70:26)
              
 7 Archmage 
 3 Summon Water Elemental
 3 Brilliance Aura
 1 Mass Teleport
 7 Mountain King 
 3 Storm Bolt
 3 Thunder Clap
 1 Avatar
 6 Paladin 
 3 Holy Light
 2 Divine Shield
 1 Resurrection
 
                » actions 
                
                | Assign group hotkey | 105 |  | 
| Basic commands | 322 |  | 
| Build / train | 192 |  | 
| ESC pressed | 14 |  | 
| Enter build submenu | 129 |  | 
| Enter hero's abilities submenu | 20 |  | 
| Give item / drop item | 3 |  | 
| Remove unit from queue | 1 |  | 
| Right click | 1830 |  | 
| Select / deselect | 1132 |  | 
| Select group hotkey | 1832 |  | 
| Use ability | 400 |  | 
                5980 total
 » units 
                
                | Peasant | 40 |  | 
| Footman | 8 |  | 
| Giant Sea Turtle | 1 |  | 
| Goblin Shredder | 1 |  | 
| Rifleman | 4 |  | 
| Mortar Team | 2 |  | 
| Priest | 6 |  | 
| Sorceress | 7 |  | 
| Spell Breaker | 1 |  | 
| Green Dragon | 1 |  | 
| Siege Engine | 4 |  | 
| Gryphon Rider | 1 |  | 
| Flying Machine | 16 |  | 
| Knight | 3 |  | 
                95 total
 » upgrades
                
                | Masonry | 3 |  | 
| Defend | 1 |  | 
| Gunpowder | 3 |  | 
| Priest Training | 2 |  | 
| Fragmentation Shards | 1 |  | 
| Sorceress Training | 2 |  | 
| Flare | 1 |  | 
| Magic Sentry | 1 |  | 
| Long Rifles | 1 |  | 
| Flak Cannons | 1 |  | 
| Armor | 3 |  | 
| Barrage | 1 |  | 
| Animal War Training | 1 |  | 
| Plating | 3 |  | 
| Swords | 2 |  | 
| Storm Hammers | 1 |  | 
                27 total
 » buildings
                
                | Lumber Mill | 2 |  | 
| Farm | 16 |  | 
| Altar of Kings | 1 |  | 
| Scout Tower | 100 |  | 
| Arcane Tower | 2 |  | 
| Guard Tower | 32 |  | 
| Barracks | 2 |  | 
| Town Hall | 7 |  | 
| Keep | 1 |  | 
| Arcane Vault | 2 |  | 
| Blacksmith | 1 |  | 
| Castle | 1 |  | 
| Arcane Sanctum | 3 |  | 
| Workshop | 2 |  | 
| Cannon Tower | 2 |  | 
| Gryphon Aviary | 4 |  | 
                178 total
 » build order
                00:19 Lumber Mill
00:50 Farm
01:06 Altar of Kings
01:27 Farm
01:38 Scout Tower
01:42 Scout Tower
01:43 Scout Tower
02:05 Arcane Tower
02:23 Guard Tower
02:42 Farm
03:00 Scout Tower
03:01 Scout Tower
03:25 Barracks
04:01 Scout Tower
04:01 Scout Tower
04:02 Scout Tower
04:04 Scout Tower
04:04 Scout Tower
04:09 Scout Tower
04:10 Scout Tower
04:10 Scout Tower
04:34 Guard Tower
04:40 Guard Tower
04:40 Guard Tower
04:57 Arcane Tower
05:00 Guard Tower
05:01 Guard Tower
05:15 Guard Tower
05:15 Guard Tower
05:21 Guard Tower
05:39 Farm
05:40 Farm
06:10 Town Hall
07:36 Scout Tower
07:37 Scout Tower
07:37 Scout Tower
07:39 Scout Tower
07:56 Scout Tower
07:56 Scout Tower
07:58 Scout Tower
08:12 Guard Tower
08:19 Guard Tower
08:25 Guard Tower
09:04 Keep
09:07 Guard Tower
09:22 Arcane Vault
09:23 Farm
10:32 Blacksmith
10:37 Scout Tower
10:39 Scout Tower
10:40 Scout Tower
10:41 Scout Tower
11:33 Guard Tower
11:36 Scout Tower
11:36 Scout Tower
12:14 Castle
12:22 Barracks
12:25 Arcane Sanctum
12:26 Arcane Sanctum
12:29 Workshop
12:33 Workshop
12:37 Arcane Sanctum
12:56 Guard Tower
15:36 Scout Tower
15:38 Scout Tower
15:38 Scout Tower
15:39 Scout Tower
17:35 Guard Tower
17:49 Farm
17:49 Farm
17:50 Farm
17:51 Farm
17:55 Farm
17:55 Farm
18:00 Farm
18:01 Farm
21:58 Town Hall
22:02 Scout Tower
22:03 Scout Tower
22:03 Scout Tower
22:03 Scout Tower
22:05 Scout Tower
22:05 Scout Tower
22:07 Scout Tower
22:07 Scout Tower
22:08 Scout Tower
22:08 Scout Tower
22:09 Scout Tower
22:09 Scout Tower
22:10 Scout Tower
22:10 Scout Tower
22:11 Scout Tower
22:12 Scout Tower
22:32 Guard Tower
23:26 Guard Tower
24:00 Guard Tower
24:15 Guard Tower
24:21 Scout Tower
24:21 Scout Tower
24:21 Scout Tower
24:22 Scout Tower
24:41 Scout Tower
24:41 Scout Tower
24:58 Guard Tower
25:04 Scout Tower
25:05 Scout Tower
25:06 Scout Tower
25:07 Scout Tower
25:20 Guard Tower
25:40 Guard Tower
25:45 Scout Tower
25:46 Scout Tower
25:47 Scout Tower
25:47 Scout Tower
25:48 Scout Tower
26:22 Cannon Tower
27:09 Farm
27:09 Farm
28:37 Cannon Tower
35:54 Town Hall
36:00 Scout Tower
36:00 Scout Tower
36:01 Scout Tower
36:01 Scout Tower
36:02 Scout Tower
36:03 Scout Tower
36:04 Scout Tower
36:04 Scout Tower
36:05 Scout Tower
36:06 Scout Tower
36:06 Scout Tower
36:07 Scout Tower
36:08 Scout Tower
36:08 Scout Tower
36:09 Scout Tower
36:17 Town Hall
36:33 Guard Tower
36:34 Guard Tower
37:04 Guard Tower
37:31 Guard Tower
37:38 Guard Tower
37:51 Scout Tower
37:55 Scout Tower
37:55 Scout Tower
37:56 Scout Tower
38:22 Gryphon Aviary
38:25 Gryphon Aviary
38:28 Gryphon Aviary
38:30 Gryphon Aviary
38:38 Guard Tower
40:25 Town Hall
40:26 Scout Tower
40:26 Scout Tower
40:27 Scout Tower
40:27 Scout Tower
40:28 Scout Tower
40:29 Scout Tower
40:29 Scout Tower
40:29 Scout Tower
44:06 Arcane Vault
48:29 Town Hall
54:35 Town Hall
54:36 Scout Tower
54:37 Scout Tower
54:37 Scout Tower
54:37 Scout Tower
54:38 Scout Tower
56:04 Guard Tower
56:07 Scout Tower
56:07 Scout Tower
56:07 Scout Tower
56:31 Guard Tower
56:33 Scout Tower
58:24 Guard Tower
58:31 Scout Tower
60:03 Scout Tower
67:11 Lumber Mill
» items
                
                | Scroll of Town Portal | 5 |  | 
| Staff of Sanctuary | 1 |  | 
| Potion of Healing | 1 |  | 
| Scroll of Regeneration | 1 |  | 
                8 total
  
               team 2 (loser) 
              
              
» 
Rebuke (
red | 125 APM | 1688 actions | 13:31)
              
 3 Blademaster 
 2 Critical Strike
 1 Wind Walk
 1 Pandaren Brewmaster 
 1 Breath of Fire
 1 Shadow Hunter 
 1 Hex
 
                » actions 
                
                | Assign group hotkey | 49 |  | 
| Basic commands | 3 |  | 
| Build / train | 67 |  | 
| ESC pressed | 2 |  | 
| Enter build submenu | 14 |  | 
| Enter hero's abilities submenu | 5 |  | 
| Right click | 805 |  | 
| Select / deselect | 310 |  | 
| Select group hotkey | 362 |  | 
| Use ability | 71 |  | 
                1688 total
 » units 
                » upgrades
                » buildings
                
                | Altar of Storms | 1 |  | 
| Orc Burrow | 4 |  | 
| Barracks | 1 |  | 
| Voodoo Lounge | 2 |  | 
| Stronghold | 3 |  | 
| War Mill | 1 |  | 
| Great Hall | 1 |  | 
| Fortress | 1 |  | 
| Spirit Lodge | 2 |  | 
| Beastiary | 1 |  | 
                17 total
 » build order
                00:05 Altar of Storms
00:17 Orc Burrow
00:37 Barracks
01:25 Orc Burrow
02:00 Voodoo Lounge
02:56 Stronghold
02:56 Stronghold
04:00 Orc Burrow
04:42 War Mill
05:13 Great Hall
05:41 Fortress
06:13 Spirit Lodge
06:57 Orc Burrow
08:52 Voodoo Lounge
10:58 Spirit Lodge
11:34 Beastiary
» items
                
                | Potion of Healing | 2 |  | 
| Healing Salve | 5 |  | 
| Lesser Clarity Potion | 1 |  | 
| Scroll of Speed | 1 |  | 
                9 total
  
               team 3 (loser) 
              
              
Fiar- (
dark-green | 40 APM | 2136 actions | 54:03)
              
 3 Blood Mage 
 2 Flame Strike
 1 Siphon Mana
 1 Mountain King 
 1 Storm Bolt
 2 Paladin 
 1 Holy Light
 1 Divine Shield
 
                » actions 
                
                | Assign group hotkey | 14 |  | 
| Basic commands | 11 |  | 
| Build / train | 169 |  | 
| Enter build submenu | 43 |  | 
| Enter hero's abilities submenu | 6 |  | 
| Give item / drop item | 1 |  | 
| Remove unit from queue | 4 |  | 
| Right click | 1214 |  | 
| Select / deselect | 479 |  | 
| Select group hotkey | 69 |  | 
| Use ability | 126 |  | 
                2136 total
 » units 
                
                | Peasant | 34 |  | 
| Mortar Team | 7 |  | 
| Sorceress | 2 |  | 
| Dragonhawk Rider | 7 |  | 
| Siege Engine | 26 |  | 
                76 total
 » upgrades
                
                | Masonry | 2 |  | 
| Gunpowder | 3 |  | 
| Lumber Harvesting | 1 |  | 
| Magic Sentry | 1 |  | 
| Flare | 1 |  | 
| Armor | 3 |  | 
| Sorceress Training | 2 |  | 
| Fragmentation Shards | 1 |  | 
| Swords | 1 |  | 
| Barrage | 0 |  | 
| Cloud | 1 |  | 
| Plating | 3 |  | 
                19 total
 » buildings
                
                | Altar of Kings | 1 |  | 
| Farm | 12 |  | 
| Lumber Mill | 1 |  | 
| Scout Tower | 43 |  | 
| Arcane Tower | 2 |  | 
| Guard Tower | 49 |  | 
| Blacksmith | 1 |  | 
| Keep | 1 |  | 
| Town Hall | 3 |  | 
| Arcane Sanctum | 1 |  | 
| Workshop | 2 |  | 
| Castle | 1 |  | 
| Gryphon Aviary | 2 |  | 
| Arcane Vault | 1 |  | 
                120 total
 » build order
                00:09 Altar of Kings
00:10 Farm
00:25 Lumber Mill
00:46 Scout Tower
01:14 Farm
01:24 Arcane Tower
01:41 Scout Tower
01:52 Scout Tower
02:13 Guard Tower
02:18 Guard Tower
02:19 Guard Tower
02:27 Scout Tower
03:00 Guard Tower
03:03 Farm
03:14 Scout Tower
03:46 Guard Tower
03:46 Guard Tower
04:11 Scout Tower
04:27 Farm
04:51 Guard Tower
04:53 Scout Tower
05:11 Scout Tower
05:11 Scout Tower
05:12 Scout Tower
05:13 Scout Tower
05:26 Blacksmith
05:28 Keep
05:42 Guard Tower
05:42 Guard Tower
05:45 Scout Tower
06:08 Guard Tower
06:08 Guard Tower
06:20 Town Hall
06:24 Scout Tower
06:24 Scout Tower
06:26 Scout Tower
06:27 Scout Tower
06:29 Arcane Tower
06:52 Guard Tower
06:58 Guard Tower
07:22 Guard Tower
07:24 Guard Tower
07:39 Scout Tower
07:45 Scout Tower
07:47 Scout Tower
07:48 Scout Tower
07:50 Scout Tower
07:58 Arcane Sanctum
08:02 Workshop
08:20 Guard Tower
08:20 Guard Tower
08:23 Guard Tower
08:35 Scout Tower
08:42 Scout Tower
08:43 Guard Tower
08:44 Guard Tower
08:49 Guard Tower
08:49 Guard Tower
09:11 Guard Tower
09:11 Guard Tower
09:13 Guard Tower
09:18 Scout Tower
09:18 Scout Tower
09:19 Scout Tower
09:54 Guard Tower
09:54 Guard Tower
10:06 Guard Tower
10:12 Scout Tower
11:21 Town Hall
11:27 Scout Tower
11:27 Scout Tower
11:28 Scout Tower
11:35 Castle
12:06 Guard Tower
12:20 Scout Tower
12:21 Scout Tower
12:29 Guard Tower
12:29 Guard Tower
13:21 Guard Tower
13:23 Guard Tower
14:50 Workshop
14:53 Farm
14:55 Farm
15:04 Farm
15:05 Farm
17:45 Gryphon Aviary
17:45 Gryphon Aviary
17:59 Farm
18:00 Farm
19:01 Arcane Vault
20:37 Scout Tower
20:38 Scout Tower
20:38 Scout Tower
20:40 Farm
21:06 Guard Tower
24:03 Guard Tower
24:03 Guard Tower
25:53 Town Hall
26:00 Scout Tower
26:02 Scout Tower
26:02 Scout Tower
26:03 Scout Tower
26:03 Scout Tower
26:04 Scout Tower
26:05 Scout Tower
26:05 Scout Tower
27:03 Guard Tower
45:09 Farm
» items
                
                | Scroll of Town Portal | 4 |  | 
| Staff of Sanctuary | 1 |  | 
                5 total
  
               team 4 (loser) 
              
              
66Dragon6 (
blue | 91 APM | 3218 actions | 35:33)
              
 5 Demon Hunter 
 3 Mana Burn
 2 Evasion
 3 Priestess of the Moon 
 1 Scout
 2 Trueshot Aura
 4 Pandaren Brewmaster 
 2 Breath of Fire
 2 Drunken Haze
 
                » actions 
                
                | Assign group hotkey | 36 |  | 
| Build / train | 82 |  | 
| ESC pressed | 2 |  | 
| Enter build submenu | 32 |  | 
| Enter hero's abilities submenu | 12 |  | 
| Give item / drop item | 9 |  | 
| Right click | 1779 |  | 
| Select / deselect | 514 |  | 
| Select group hotkey | 607 |  | 
| Use ability | 145 |  | 
                3218 total
 » units 
                
                | Wisp | 23 |  | 
| Archer | 6 |  | 
| Druid of the Talon | 5 |  | 
| Chimaera | 4 |  | 
| Green Dragon | 2 |  | 
                40 total
 » upgrades
                
                | Strength of the Wild | 1 |  | 
| Reinforced Hides | 2 |  | 
| Ultravision | 1 |  | 
| Druid of the Talon Training | 2 |  | 
                6 total
 » buildings
                
                | Altar of Elders | 1 |  | 
| Moon Well | 15 |  | 
| Ancient of War | 1 |  | 
| Tree of Ages | 2 |  | 
| Tree of Life | 3 |  | 
| Hunter's Hall | 1 |  | 
| Tree of Eternity | 1 |  | 
| Ancient of Wind | 2 |  | 
| Ancient of Wonders | 2 |  | 
| Chimaera Roost | 3 |  | 
                31 total
 » build order
                00:10 Altar of Elders
00:20 Moon Well
00:50 Ancient of War
01:41 Moon Well
02:54 Tree of Ages
02:55 Tree of Ages
03:43 Tree of Life
03:54 Moon Well
03:58 Hunter's Hall
05:04 Moon Well
07:30 Tree of Eternity
07:32 Ancient of Wind
07:32 Ancient of Wind
10:39 Ancient of Wonders
11:06 Chimaera Roost
11:07 Chimaera Roost
13:51 Chimaera Roost
14:45 Moon Well
14:45 Moon Well
14:46 Moon Well
14:53 Moon Well
14:54 Moon Well
15:45 Ancient of Wonders
16:52 Moon Well
17:02 Moon Well
17:02 Moon Well
17:24 Moon Well
17:25 Moon Well
18:14 Moon Well
19:06 Tree of Life
20:56 Tree of Life
» items
                
                | Potion of Healing | 5 |  | 
| Orb of Venom | 1 |  | 
| Scroll of Town Portal | 2 |  | 
| Staff of Preservation | 1 |  | 
| Lesser Clarity Potion | 1 |  | 
| Potion of Mana | 1 |  | 
| Moonstone | 1 |  | 
                12 total
  
               team 5 (loser) 
              
              
ze.rath3isafaig (
teal | 36 APM | 2609 actions | 71:44)
              
 8 Blademaster 
 3 Wind Walk
 3 Critical Strike
 1 Bladestorm
 1 Mirror Image
 
                » actions 
                
                | Assign group hotkey | 54 |  | 
| Basic commands | 17 |  | 
| Build / train | 79 |  | 
| ESC pressed | 3 |  | 
| Enter build submenu | 48 |  | 
| Enter hero's abilities submenu | 8 |  | 
| Give item / drop item | 9 |  | 
| Right click | 1379 |  | 
| Select / deselect | 282 |  | 
| Select group hotkey | 459 |  | 
| Use ability | 271 |  | 
                2609 total
 » units 
                
                | Peon | 21 |  | 
| Troll Batrider | 19 |  | 
| Goblin Zeppelin | 1 |  | 
| Goblin Sapper | 1 |  | 
| Giant Sea Turtle | 1 |  | 
                43 total
 » upgrades
                
                | Spiked Barricades | 3 |  | 
| Reinforced Defenses | 1 |  | 
                4 total
 » buildings
                
                | Altar of Storms | 2 |  | 
| Orc Burrow | 8 |  | 
| Voodoo Lounge | 1 |  | 
| War Mill | 1 |  | 
| Stronghold | 2 |  | 
| Watch Tower | 32 |  | 
| Fortress | 1 |  | 
| Beastiary | 2 |  | 
                49 total
 » build order
                00:11 Altar of Storms
00:25 Altar of Storms
00:29 Orc Burrow
00:57 Voodoo Lounge
01:20 War Mill
02:41 Stronghold
03:05 Stronghold
03:53 Watch Tower
03:54 Watch Tower
03:56 Watch Tower
05:09 Watch Tower
05:11 Watch Tower
05:13 Watch Tower
05:13 Watch Tower
05:32 Fortress
06:21 Beastiary
06:29 Beastiary
06:40 Orc Burrow
06:42 Orc Burrow
09:09 Watch Tower
09:30 Watch Tower
09:33 Watch Tower
11:17 Watch Tower
13:50 Watch Tower
14:45 Watch Tower
14:48 Watch Tower
15:53 Watch Tower
16:58 Watch Tower
18:55 Watch Tower
18:58 Watch Tower
22:25 Watch Tower
22:25 Watch Tower
22:25 Watch Tower
22:26 Watch Tower
22:30 Watch Tower
22:30 Watch Tower
24:27 Watch Tower
24:27 Watch Tower
24:27 Watch Tower
24:28 Watch Tower
40:20 Orc Burrow
42:07 Orc Burrow
42:32 Orc Burrow
45:35 Orc Burrow
49:34 Orc Burrow
» items
                
                | Lesser Clarity Potion | 8 |  | 
| Healing Salve | 2 |  | 
| Scroll of Speed | 1 |  | 
| Boots of Speed | 1 |  | 
| Staff of Teleportation | 1 |  | 
| Orb of Lightning | 1 |  | 
| Scroll of Town Portal | 1 |  | 
                15 total
  
               team 6 (loser) 
              
              
Ricen (
purple | 87 APM | 1704 actions | 19:32)
              
 1 Archmage 
 1 Blizzard
 
                » actions 
                
                | Assign group hotkey | 18 |  | 
| Build / train | 98 |  | 
| ESC pressed | 9 |  | 
| Enter build submenu | 79 |  | 
| Enter hero's abilities submenu | 1 |  | 
| Right click | 871 |  | 
| Select / deselect | 370 |  | 
| Select group hotkey | 153 |  | 
| Use ability | 105 |  | 
                1704 total
 » units 
                » upgrades
                » buildings
                
                | Lumber Mill | 4 |  | 
| Altar of Kings | 2 |  | 
| Farm | 8 |  | 
| Scout Tower | 55 |  | 
| Arcane Tower | 6 |  | 
| Guard Tower | 44 |  | 
| Arcane Vault | 2 |  | 
| Town Hall | 1 |  | 
| Keep | 2 |  | 
| Arcane Sanctum | 1 |  | 
                125 total
 » build order
                00:09 Lumber Mill
00:55 Altar of Kings
01:05 Farm
01:30 Scout Tower
01:38 Scout Tower
01:57 Arcane Tower
02:11 Farm
02:13 Farm
02:17 Guard Tower
02:17 Guard Tower
02:18 Guard Tower
02:21 Scout Tower
02:26 Scout Tower
02:34 Farm
02:48 Guard Tower
02:48 Guard Tower
02:56 Scout Tower
03:05 Scout Tower
03:34 Guard Tower
03:46 Guard Tower
03:50 Guard Tower
05:00 Scout Tower
05:19 Scout Tower
05:21 Scout Tower
05:46 Guard Tower
05:52 Guard Tower
06:14 Scout Tower
06:31 Scout Tower
06:32 Guard Tower
06:35 Scout Tower
06:45 Arcane Tower
06:45 Arcane Tower
06:50 Farm
06:55 Arcane Vault
06:57 Guard Tower
06:58 Scout Tower
07:04 Scout Tower
07:09 Scout Tower
07:16 Town Hall
07:17 Guard Tower
07:19 Scout Tower
07:22 Scout Tower
07:23 Guard Tower
07:24 Guard Tower
07:30 Scout Tower
07:43 Guard Tower
07:48 Guard Tower
07:51 Guard Tower
08:02 Guard Tower
08:04 Scout Tower
08:08 Scout Tower
08:34 Guard Tower
08:37 Guard Tower
09:08 Arcane Vault
09:12 Scout Tower
09:13 Scout Tower
09:14 Scout Tower
09:16 Scout Tower
09:24 Scout Tower
09:41 Keep
09:46 Guard Tower
09:59 Guard Tower
09:59 Guard Tower
10:01 Scout Tower
10:04 Scout Tower
10:31 Scout Tower
10:54 Scout Tower
10:55 Scout Tower
10:56 Scout Tower
10:58 Scout Tower
11:00 Scout Tower
11:02 Guard Tower
11:17 Scout Tower
11:29 Guard Tower
11:29 Arcane Tower
11:37 Scout Tower
11:38 Scout Tower
11:38 Scout Tower
11:40 Scout Tower
11:42 Scout Tower
12:20 Guard Tower
12:44 Lumber Mill
12:59 Arcane Sanctum
13:22 Scout Tower
13:23 Scout Tower
13:23 Scout Tower
13:24 Scout Tower
13:58 Guard Tower
14:02 Altar of Kings
14:57 Scout Tower
15:05 Scout Tower
15:06 Scout Tower
15:14 Keep
15:15 Farm
15:17 Farm
15:20 Farm
15:36 Scout Tower
15:41 Guard Tower
15:41 Guard Tower
15:46 Scout Tower
16:13 Guard Tower
16:15 Lumber Mill
16:20 Guard Tower
16:20 Guard Tower
16:24 Scout Tower
16:50 Guard Tower
16:50 Guard Tower
16:53 Scout Tower
16:55 Scout Tower
16:58 Scout Tower
16:59 Scout Tower
17:20 Scout Tower
17:21 Scout Tower
17:27 Guard Tower
17:48 Guard Tower
17:48 Guard Tower
17:48 Guard Tower
18:18 Guard Tower
18:51 Lumber Mill
 
               team 7 (loser) 
              
              
rainfire (
yellow | 55 APM | 2903 actions | 52:55)
              
 5 Blademaster 
 2 Wind Walk
 3 Critical Strike
 
                » actions 
                
                | Assign group hotkey | 24 |  | 
| Basic commands | 31 |  | 
| Build / train | 110 |  | 
| ESC pressed | 2 |  | 
| Enter build submenu | 74 |  | 
| Enter hero's abilities submenu | 5 |  | 
| Remove unit from queue | 9 |  | 
| Right click | 1555 |  | 
| Select / deselect | 608 |  | 
| Select group hotkey | 306 |  | 
| Use ability | 177 |  | 
                2903 total
 » units 
                
                | Peon | 31 |  | 
| Demolisher | 11 |  | 
| Grunt | 1 |  | 
| Troll Batrider | 24 |  | 
                67 total
 » upgrades
                
                | Spiked Barricades | 1 |  | 
| Reinforced Defenses | 1 |  | 
| Ranged Weapons | 3 |  | 
| Liquid Fire | 1 |  | 
| Troll Regeneration | 1 |  | 
| Burning Oil | 1 |  | 
                8 total
 » buildings
                
                | Orc Burrow | 9 |  | 
| Altar of Storms | 1 |  | 
| Voodoo Lounge | 1 |  | 
| Barracks | 1 |  | 
| War Mill | 1 |  | 
| Stronghold | 1 |  | 
| Watch Tower | 39 |  | 
| Great Hall | 1 |  | 
| Fortress | 1 |  | 
| Beastiary | 3 |  | 
                58 total
 » build order
                00:09 Orc Burrow
00:23 Altar of Storms
00:55 Voodoo Lounge
01:31 Barracks
01:43 War Mill
02:04 Orc Burrow
03:01 Stronghold
05:15 Watch Tower
05:16 Watch Tower
05:18 Watch Tower
05:19 Watch Tower
05:26 Great Hall
05:31 Fortress
05:41 Orc Burrow
05:45 Watch Tower
06:50 Watch Tower
07:14 Watch Tower
07:54 Watch Tower
08:55 Watch Tower
09:17 Watch Tower
09:30 Watch Tower
09:38 Watch Tower
10:45 Watch Tower
11:21 Watch Tower
11:53 Watch Tower
12:23 Beastiary
12:35 Watch Tower
12:54 Watch Tower
13:20 Beastiary
13:27 Beastiary
14:32 Watch Tower
17:16 Orc Burrow
17:17 Orc Burrow
21:52 Orc Burrow
22:00 Orc Burrow
22:01 Orc Burrow
22:01 Orc Burrow
26:17 Watch Tower
27:06 Watch Tower
27:07 Watch Tower
27:32 Watch Tower
27:52 Watch Tower
28:14 Watch Tower
29:07 Watch Tower
29:08 Watch Tower
29:23 Watch Tower
29:24 Watch Tower
30:16 Watch Tower
30:17 Watch Tower
30:23 Watch Tower
31:11 Watch Tower
31:13 Watch Tower
31:20 Watch Tower
44:38 Watch Tower
44:39 Watch Tower
44:40 Watch Tower
44:40 Watch Tower
46:03 Watch Tower
» items
                
                | Healing Salve | 1 |  | 
| Lesser Clarity Potion | 7 |  | 
| Potion of Healing | 3 |  | 
| Orb of Lightning | 1 |  | 
| Scroll of Town Portal | 2 |  | 
| Boots of Speed | 1 |  | 
| Tiny Great Hall | 3 |  | 
                18 total
  
               team 8 (loser) 
              
              
stevenxu (
orange | 85 APM | 3523 actions | 41:28)
              
 8 Blademaster 
 3 Wind Walk
 3 Critical Strike
 1 Bladestorm
 1 Mirror Image
 
                » actions 
                
                | Assign group hotkey | 47 |  | 
| Basic commands | 2 |  | 
| Build / train | 103 |  | 
| ESC pressed | 10 |  | 
| Enter build submenu | 42 |  | 
| Enter hero's abilities submenu | 9 |  | 
| Give item / drop item | 8 |  | 
| Remove unit from queue | 3 |  | 
| Right click | 1094 |  | 
| Select / deselect | 375 |  | 
| Select group hotkey | 1601 |  | 
| Use ability | 229 |  | 
                3523 total
 » units 
                
                | Peon | 21 |  | 
| Troll Batrider | 38 |  | 
| Goblin Shredder | 1 |  | 
                60 total
 » upgrades
                
                | Ranged Weapons | 3 |  | 
| Liquid Fire | 1 |  | 
| Armor | 3 |  | 
| Reinforced Defenses | 1 |  | 
                8 total
 » buildings
                
                | Altar of Storms | 1 |  | 
| Orc Burrow | 7 |  | 
| Voodoo Lounge | 2 |  | 
| War Mill | 1 |  | 
| Stronghold | 1 |  | 
| Watch Tower | 22 |  | 
| Great Hall | 3 |  | 
| Fortress | 1 |  | 
| Beastiary | 3 |  | 
                41 total
 » build order
                00:05 Altar of Storms
00:19 Orc Burrow
00:57 Voodoo Lounge
01:31 Orc Burrow
01:54 War Mill
03:04 Stronghold
03:50 Watch Tower
04:09 Great Hall
04:13 Watch Tower
04:33 Great Hall
04:49 Orc Burrow
04:57 Watch Tower
05:06 Great Hall
05:28 Watch Tower
05:32 Watch Tower
05:51 Fortress
06:02 Watch Tower
06:31 Watch Tower
06:34 Beastiary
06:44 Beastiary
07:16 Watch Tower
07:52 Watch Tower
09:13 Watch Tower
09:41 Beastiary
10:06 Orc Burrow
10:42 Orc Burrow
12:12 Orc Burrow
13:03 Orc Burrow
13:35 Watch Tower
17:55 Watch Tower
17:59 Watch Tower
17:59 Watch Tower
18:58 Watch Tower
18:58 Watch Tower
20:31 Watch Tower
20:32 Watch Tower
20:32 Watch Tower
20:33 Watch Tower
21:33 Watch Tower
21:34 Watch Tower
24:50 Voodoo Lounge
» items
                
                | Healing Salve | 6 |  | 
| Lesser Clarity Potion | 8 |  | 
| Orb of Lightning | 1 |  | 
| Staff of Teleportation | 1 |  | 
| Boots of Speed | 1 |  | 
| Scroll of Town Portal | 2 |  | 
| Tiny Great Hall | 1 |  | 
                20 total
  
               team 9 (winner) 
              
              
orc_is_h4x (
green | 88 APM | 6334 actions | 71:44)
              
 8 Death Knight 
 3 Death Coil
 3 Unholy Aura
 1 Death Pact
 1 Animate Dead
 8 Lich 
 3 Frost Nova
 3 Frost Armor
 1 Death and Decay
 1 Dark Ritual
 8 Pandaren Brewmaster 
 3 Breath of Fire
 3 Drunken Haze
 1 Storm Earth and Fire
 1 Drunken Brawler
 
                » actions 
                
                | Assign group hotkey | 340 |  | 
| Basic commands | 88 |  | 
| Build / train | 137 |  | 
| Enter build submenu | 86 |  | 
| Enter hero's abilities submenu | 24 |  | 
| Give item / drop item | 7 |  | 
| Remove unit from queue | 7 |  | 
| Right click | 2105 |  | 
| Select / deselect | 889 |  | 
| Select group hotkey | 2329 |  | 
| Use ability | 322 |  | 
                6334 total
 » units 
                
                | Acolyte | 19 |  | 
| Ghoul | 2 |  | 
| Crypt Fiend | 4 |  | 
| Goblin Shredder | 1 |  | 
| Obsidian Statue | 10 |  | 
| Frost Wyrm | 6 |  | 
| Abomination | 1 |  | 
| Banshee | 4 |  | 
                47 total
 » upgrades
                
                | Backpack | 1 |  | 
| Creature Attack | 3 |  | 
| Creature Carapace | 3 |  | 
| Web | 1 |  | 
| Freezing Breath | 1 |  | 
| Destroyer Form | 1 |  | 
| Banshee Training | 2 |  | 
| Burrow | 1 |  | 
| Unholy Strength | 1 |  | 
| Unholy Armor | 1 |  | 
                15 total
 » buildings
                
                | Altar of Darkness | 1 |  | 
| Ziggurat | 50 |  | 
| Graveyard | 1 |  | 
| Crypt | 5 |  | 
| Tomb of Relics | 1 |  | 
| Halls of the Dead | 1 |  | 
| Black Citadel | 1 |  | 
| Slaughterhouse | 2 |  | 
| Sacrificial Pit | 2 |  | 
| Necropolis | 7 |  | 
| Boneyard | 3 |  | 
| Spirit Tower | 18 |  | 
| Nerubian Tower | 3 |  | 
| Temple of the Damned | 2 |  | 
                97 total
 » build order
                00:07 Altar of Darkness
00:19 Ziggurat
00:45 Graveyard
01:01 Crypt
01:13 Tomb of Relics
03:02 Halls of the Dead
03:32 Ziggurat
05:23 Black Citadel
05:36 Slaughterhouse
05:37 Ziggurat
06:25 Ziggurat
08:24 Sacrificial Pit
09:32 Ziggurat
09:33 Necropolis
09:34 Ziggurat
09:54 Boneyard
11:55 Spirit Tower
12:27 Ziggurat
12:28 Ziggurat
13:28 Nerubian Tower
13:43 Nerubian Tower
14:26 Spirit Tower
16:30 Ziggurat
16:31 Ziggurat
16:34 Ziggurat
16:35 Ziggurat
16:36 Ziggurat
19:06 Ziggurat
19:10 Ziggurat
19:11 Ziggurat
19:12 Ziggurat
19:12 Ziggurat
19:14 Ziggurat
19:15 Ziggurat
19:46 Ziggurat
19:48 Necropolis
19:57 Spirit Tower
19:59 Temple of the Damned
20:00 Crypt
20:02 Boneyard
20:12 Ziggurat
20:13 Ziggurat
20:15 Ziggurat
20:30 Spirit Tower
20:32 Ziggurat
20:33 Necropolis
20:35 Ziggurat
20:36 Ziggurat
20:39 Spirit Tower
20:41 Ziggurat
21:13 Spirit Tower
21:29 Spirit Tower
21:30 Ziggurat
21:32 Ziggurat
21:57 Spirit Tower
21:58 Spirit Tower
22:00 Ziggurat
22:24 Ziggurat
22:26 Ziggurat
23:52 Spirit Tower
24:36 Necropolis
25:30 Ziggurat
25:41 Ziggurat
28:09 Ziggurat
30:53 Ziggurat
32:42 Nerubian Tower
33:11 Slaughterhouse
33:13 Crypt
37:48 Ziggurat
37:48 Ziggurat
37:49 Ziggurat
37:50 Necropolis
37:52 Ziggurat
37:53 Ziggurat
38:43 Spirit Tower
38:45 Spirit Tower
38:52 Ziggurat
39:31 Ziggurat
39:33 Ziggurat
39:34 Ziggurat
39:35 Ziggurat
39:36 Ziggurat
39:49 Spirit Tower
40:26 Spirit Tower
40:27 Spirit Tower
40:30 Spirit Tower
40:31 Spirit Tower
40:32 Spirit Tower
42:13 Ziggurat
42:46 Necropolis
44:40 Ziggurat
46:54 Crypt
46:56 Crypt
46:59 Boneyard
47:01 Temple of the Damned
47:06 Sacrificial Pit
49:15 Necropolis
» items
                
                | Rod of Necromancy | 3 |  | 
| Sacrificial Skull | 1 |  | 
| Orb of Corruption | 1 |  | 
| Scroll of Town Portal | 3 |  | 
| Scroll of Healing | 8 |  | 
| Potion of Lesser Invulnerability | 1 |  | 
                17 total
  
               team 10 (loser) 
              
              
» 
CharlesDeGaulle (
gray | 35 APM | 2536 actions | 71:43)
              
 4 Death Knight 
 2 Death Coil
 2 Unholy Aura
 3 Lich 
 2 Frost Nova
 1 Dark Ritual
 
                » actions 
                
                | Assign group hotkey | 41 |  | 
| Basic commands | 12 |  | 
| Build / train | 92 |  | 
| Enter build submenu | 41 |  | 
| Enter hero's abilities submenu | 7 |  | 
| Give item / drop item | 2 |  | 
| Remove unit from queue | 2 |  | 
| Right click | 848 |  | 
| Select / deselect | 419 |  | 
| Select group hotkey | 951 |  | 
| Use ability | 121 |  | 
                2536 total
 » units 
                
                | Acolyte | 28 |  | 
| Ghoul | 5 |  | 
| Crypt Fiend | 14 |  | 
| Goblin Shredder | 2 |  | 
| Giant Sea Turtle | 1 |  | 
| Frost Wyrm | 6 |  | 
| Gargoyle | 2 |  | 
| Goblin Zeppelin | 3 |  | 
                61 total
 » upgrades
                
                | Web | 1 |  | 
| Burrow | 1 |  | 
| Creature Attack | 2 |  | 
| Creature Carapace | 2 |  | 
| Freezing Breath | 1 |  | 
                7 total
 » buildings
                
                | Ziggurat | 14 |  | 
| Altar of Darkness | 1 |  | 
| Crypt | 1 |  | 
| Graveyard | 1 |  | 
| Nerubian Tower | 1 |  | 
| Necropolis | 6 |  | 
| Tomb of Relics | 2 |  | 
| Halls of the Dead | 2 |  | 
| Black Citadel | 1 |  | 
| Spirit Tower | 7 |  | 
| Sacrificial Pit | 1 |  | 
| Boneyard | 2 |  | 
| Slaughterhouse | 1 |  | 
                40 total
 » build order
                00:28 Ziggurat
00:45 Altar of Darkness
01:44 Crypt
01:52 Graveyard
02:03 Nerubian Tower
02:08 Ziggurat
02:28 Ziggurat
02:38 Necropolis
03:56 Tomb of Relics
05:44 Halls of the Dead
06:01 Tomb of Relics
08:36 Ziggurat
09:15 Ziggurat
11:15 Black Citadel
12:32 Spirit Tower
12:44 Spirit Tower
13:58 Necropolis
14:45 Sacrificial Pit
14:58 Ziggurat
15:02 Ziggurat
15:10 Ziggurat
15:13 Ziggurat
15:17 Ziggurat
15:41 Spirit Tower
16:08 Spirit Tower
16:53 Spirit Tower
17:13 Spirit Tower
17:22 Boneyard
17:36 Boneyard
18:01 Ziggurat
18:35 Halls of the Dead
20:38 Ziggurat
20:39 Ziggurat
23:17 Slaughterhouse
23:22 Spirit Tower
43:50 Necropolis
43:58 Necropolis
63:32 Necropolis
68:46 Necropolis
70:38 Ziggurat
» items
                
                | Rod of Necromancy | 1 |  | 
| Orb of Corruption | 1 |  | 
                2 total
  
               team 11 (loser) 
              
              
Zith) (
light-blue | 102 APM | 7303 actions | 71:30)
              
 7 Demon Hunter 
 3 Mana Burn
 3 Evasion
 1 Metamorphosis
 7 Pandaren Brewmaster 
 3 Breath of Fire
 3 Drunken Haze
 1 Storm Earth and Fire
 
                » actions 
                
                | Assign group hotkey | 82 |  | 
| Basic commands | 63 |  | 
| Build / train | 161 |  | 
| Enter build submenu | 66 |  | 
| Enter hero's abilities submenu | 14 |  | 
| Give item / drop item | 9 |  | 
| Remove unit from queue | 12 |  | 
| Right click | 3282 |  | 
| Select / deselect | 997 |  | 
| Select group hotkey | 2220 |  | 
| Use ability | 397 |  | 
                7303 total
 » units 
                
                | Wisp | 44 |  | 
| Archer | 3 |  | 
| Druid of the Claw | 12 |  | 
| Hippogryph | 28 |  | 
| Goblin Zeppelin | 1 |  | 
| Dryad | 13 |  | 
| Goblin Shredder | 1 |  | 
                102 total
 » upgrades
                
                | Ultravision | 1 |  | 
| Druid of the Claw Training | 2 |  | 
| Strength of the Wild | 3 |  | 
| Well Spring | 1 |  | 
| Mark of the Claw | 1 |  | 
| Reinforced Hides | 3 |  | 
| Nature's Blessing | 1 |  | 
| Abolish Magic | 1 |  | 
                13 total
 » buildings
                
                | Altar of Elders | 3 |  | 
| Moon Well | 16 |  | 
| Ancient of War | 1 |  | 
| Tree of Ages | 2 |  | 
| Hunter's Hall | 2 |  | 
| Ancient of Wonders | 3 |  | 
| Ancient of Lore | 7 |  | 
| Tree of Eternity | 2 |  | 
| Ancient of Wind | 3 |  | 
| Tree of Life | 11 |  | 
| Ancient Protector | 10 |  | 
                60 total
 » build order
                00:11 Altar of Elders
00:15 Altar of Elders
00:20 Moon Well
00:52 Ancient of War
01:46 Moon Well
02:24 Moon Well
03:21 Tree of Ages
03:35 Hunter's Hall
05:25 Ancient of Wonders
05:27 Moon Well
05:54 Ancient of Lore
06:38 Tree of Eternity
07:19 Ancient of Lore
07:22 Ancient of Wind
07:44 Moon Well
07:45 Moon Well
13:40 Moon Well
15:02 Tree of Life
21:52 Ancient Protector
21:55 Ancient Protector
21:58 Ancient Protector
23:42 Tree of Life
24:18 Tree of Life
24:22 Tree of Life
24:25 Tree of Life
26:13 Tree of Life
26:24 Tree of Life
29:31 Ancient Protector
29:33 Ancient Protector
29:51 Ancient Protector
29:54 Ancient Protector
30:02 Ancient Protector
30:47 Hunter's Hall
31:09 Tree of Life
31:52 Moon Well
31:54 Moon Well
32:03 Moon Well
32:57 Ancient Protector
33:00 Ancient Protector
33:03 Moon Well
33:30 Ancient of Wonders
34:39 Ancient of Wonders
35:52 Tree of Ages
36:58 Tree of Life
42:06 Tree of Life
43:23 Altar of Elders
45:19 Ancient of Lore
45:24 Ancient of Wind
45:27 Moon Well
45:33 Ancient of Wind
45:37 Ancient of Lore
45:38 Ancient of Lore
48:06 Tree of Life
48:12 Moon Well
51:45 Tree of Eternity
54:52 Moon Well
62:11 Ancient of Lore
63:50 Ancient of Lore
66:54 Moon Well
67:01 Moon Well
» items
                
                | Staff of Preservation | 1 |  | 
| Orb of Venom | 2 |  | 
| Scroll of Town Portal | 6 |  | 
| Potion of Healing | 2 |  | 
| Potion of Mana | 2 |  | 
| Staff of Teleportation | 1 |  | 
| Anti-magic Potion | 2 |  | 
| Dust of Appearance | 1 |  | 
                17 total
  
               team 12 (loser) 
              
              
RainbowOfWin (
brown | 114 APM | 2142 actions | 18:43)
              
 3 Death Knight 
 2 Death Coil
 1 Unholy Aura
 1 Lich 
 1 Frost Nova
 
                » actions 
                
                | Assign group hotkey | 141 |  | 
| Basic commands | 99 |  | 
| Build / train | 84 |  | 
| ESC pressed | 3 |  | 
| Enter build submenu | 52 |  | 
| Enter hero's abilities submenu | 4 |  | 
| Give item / drop item | 1 |  | 
| Right click | 775 |  | 
| Select / deselect | 573 |  | 
| Select group hotkey | 315 |  | 
| Use ability | 95 |  | 
                2142 total
 » units 
                
                | Acolyte | 24 |  | 
| Ghoul | 9 |  | 
| Crypt Fiend | 3 |  | 
| Frost Wyrm | 2 |  | 
                38 total
 » upgrades
                
                | Creature Attack | 3 |  | 
| Creature Carapace | 3 |  | 
| Burrow | 1 |  | 
| Web | 1 |  | 
| Ghoul Frenzy | 1 |  | 
                9 total
 » buildings
                
                | Necropolis | 5 |  | 
| Ziggurat | 19 |  | 
| Crypt | 2 |  | 
| Altar of Darkness | 1 |  | 
| Graveyard | 2 |  | 
| Tomb of Relics | 3 |  | 
| Nerubian Tower | 10 |  | 
| Spirit Tower | 10 |  | 
| Halls of the Dead | 1 |  | 
| Sacrificial Pit | 1 |  | 
| Black Citadel | 1 |  | 
| Boneyard | 2 |  | 
                57 total
 » build order
                00:20 Necropolis
00:24 Ziggurat
00:28 Ziggurat
00:43 Crypt
01:02 Altar of Darkness
01:24 Graveyard
01:53 Tomb of Relics
03:30 Ziggurat
03:32 Ziggurat
03:36 Ziggurat
04:17 Nerubian Tower
04:23 Spirit Tower
04:25 Nerubian Tower
04:38 Spirit Tower
05:10 Ziggurat
05:30 Ziggurat
05:53 Crypt
06:10 Halls of the Dead
06:55 Spirit Tower
07:20 Necropolis
07:21 Necropolis
08:24 Ziggurat
08:35 Sacrificial Pit
09:35 Ziggurat
09:37 Ziggurat
09:38 Ziggurat
09:41 Ziggurat
10:31 Spirit Tower
10:31 Spirit Tower
10:32 Nerubian Tower
10:32 Nerubian Tower
11:06 Spirit Tower
11:18 Black Citadel
11:54 Ziggurat
11:56 Ziggurat
12:07 Spirit Tower
12:09 Ziggurat
12:34 Graveyard
12:47 Spirit Tower
12:51 Nerubian Tower
13:30 Necropolis
13:54 Boneyard
13:55 Boneyard
14:04 Tomb of Relics
16:15 Necropolis
16:19 Ziggurat
16:20 Ziggurat
16:21 Ziggurat
16:22 Ziggurat
16:44 Tomb of Relics
17:19 Spirit Tower
17:19 Spirit Tower
17:21 Nerubian Tower
17:21 Nerubian Tower
17:21 Nerubian Tower
17:21 Nerubian Tower
» items
                
                | Rod of Necromancy | 1 |  | 
| Sacrificial Skull | 3 |  | 
| Scroll of Town Portal | 2 |  | 
| Potion of Healing | 1 |  | 
| Scroll of Healing | 1 |  | 
                8 total
  
                Chat log
          (00:04 / All) Starshaped: gg hf
(00:06 / All) Starshaped: obs on defeat
(00:07 / All) Starshaped: <3<3<3
(00:08 / All) Starshaped: xoxoxox
(00:08 / All) Rebuke: pussy ass bitches
(00:11 / All) ze.rath3isafaig: LAG
(00:11 / All) Zith): D
(00:12 / All) orc_is_h4x: stop
(00:12 / All) Rebuke: GGC
(00:12 / All) 66Dragon6: DUDE
(00:13 / All) RainbowOfWin: Ah! There it is! Deathhhhhhh! 
(00:14 / All) Ricen: WOW
(00:16 / All) ze.rath3isafaig: SHITTY HOST
(00:18 / All) CharlesDeGaulle: UR MAKING IT WORSE
(00:24 / All) orc_is_h4x: close jewtube
(00:28 / All) Starshaped: oh yeah
(00:28 / All) Rebuke: GGC?
(00:29 / All) Starshaped: i have
(00:30 / All) Starshaped: spotufy iopebn
(00:31 / All) Starshaped: wait
(00:31 / All) stevenxu: first person to harass my expo gets batted
(00:33 / All) Fiar-: not ggc faggot
(00:33 / All) orc_is_h4x: go
(00:34 / All) RainbowOfWin: Ah! There it is! Deathhhhhhh! 
(00:36 / All) orc_is_h4x: zith you there lol
(00:43 / All) Rebuke: stfu
(00:46 / All) ze.rath3isafaig: ONE SECOND DELAY
(00:47 / All) RainbowOfWin: Ah! There it is! Deathhhhhhh! 
(00:52 / All) Rebuke: i dont want to play on this 200x200 resolution comp
(00:54 / All) Starshaped: sweden #1
(01:01 / All) CharlesDeGaulle: UR FAUL
(01:03 / All) CharlesDeGaulle: T
(01:10 / All) Starshaped: rebuke
(01:11 / All) 66Dragon6: RON FAULT '12
(01:13 / All) Starshaped: i saw u get owned
(01:14 / All) CharlesDeGaulle: France #1
(01:15 / All) Starshaped: by some guy
(01:16 / All) Starshaped: named yane
(01:17 / All) Starshaped: lol noob
(01:19 / All) RainbowOfWin: Summon Hero: Ron Paul
(01:21 / All) Rebuke: i fucking trash yane
(01:23 / All) Rebuke: 24/7
(01:31 / All) Starshaped: whos yane?
(01:36 / All) CharlesDeGaulle: ghetto why did u change?
(01:36 / All) Rebuke: some faggit
(01:41 / All) RainbowOfWin: I dunno.
(01:45 / All) RainbowOfWin: I didn't feel like being in-character all game.
(01:48 / All) 66Dragon6: he beat lucifer in a bo3
(01:56 / All) orc_is_h4x: who
(01:57 / All) Starshaped: oh
(02:00 / All) Starshaped: so hes famous now?
(02:02 / All) 66Dragon6: yane
(02:06 / All) 66Dragon6: ya
(02:13 / All) CharlesDeGaulle: lucifer blows
(02:14 / All) Starshaped: ok guys
(02:14 / All) CharlesDeGaulle: ud imba
(02:15 / All) Starshaped: 1 rule
(02:18 / All) Starshaped: no more than 1 hero
(02:19 / All) Starshaped: thx
(02:23 / All) CharlesDeGaulle: "k"
(02:23 / All) stevenxu: deal
(02:29 / All) Starshaped: I WANNA SOLO BM
(02:30 / All) Starshaped: FUKER
(02:31 / All) Rebuke: i got blademaster
(02:32 / All) Rebuke: so gg
(02:35 / All) RainbowOfWin: MY NAME IS FLAMESTRUCK
(02:40 / All) Rebuke: u need 3 heros to stop him
(02:44 / All) RainbowOfWin: NOOB FEGGIT FEGGIT NOOB TECHER TOWER TOWER TECH NOOB FEGGIT
(02:51 / All) Starshaped: <3
(03:06 / All) Fiar-: \seriously man
(03:07 / All) Fiar-: not cool
(03:15 / All) 66Dragon6: WHOS IS BLADEMASTER HARRASINGNING?
(03:19 / All) CharlesDeGaulle: my name is fiar
(03:26 / All) CharlesDeGaulle: my tower walls cost well in excess of 5k gold
(03:34 / All) CharlesDeGaulle: <3
(03:37 / All) Fiar-: fuck you teal
(03:37 / All) 66Dragon6: OVER 5 THOUSAAAAAAAAND
(03:39 / All) Fiar-: fuck you
(04:13 / All) Starshaped: fuck off
(04:14 / All) rainfire: a<haa
(04:17 / All) CharlesDeGaulle: playing with lag is odd for me
(04:29 / All) stevenxu: whoever harasses my expo gets suicide batted on
(04:29 / All) stevenxu: jfyi
(04:35 / All) CharlesDeGaulle: OOH
(04:35 / All) Starshaped: yeah
(04:37 / All) orc_is_h4x: scared.
(04:38 / All) Starshaped: ima suicide rianfaggot
(04:41 / All) CharlesDeGaulle: THIS LOOKS LIE KA JOB FOR GAME THEORY
(04:49 / All) 66Dragon6: owned
(05:37 / All) Ricen: blademaster scum
(05:58 / All) Ricen: this isnt dynasty warriors
(05:59 / All) Fiar-: NOT COOL
(06:01 / All) RainbowOfWin: lol
(06:01 / All) RainbowOfWin: Dynasty Warriors should be an e-sport
(06:02 / All) 66Dragon6: feg
(06:03 / All) Starshaped: faggot ameriakants
(06:04 / All) Starshaped: l2internet
(06:21 / All) Starshaped: rofl rainfire
(06:22 / All) Ricen: hey man
(06:23 / All) Starshaped: suck my dick
(06:23 / All) Ricen: not cool
(06:27 / All) rainfire: ehehe
(06:28 / All) CharlesDeGaulle: dumb swede l2civilrights
(06:38 / All) Starshaped: WHAT U AY
(07:07 / All) orc_is_h4x: shredders creep incredibly well
(07:17 / All) CharlesDeGaulle: they're better at harvesting lumber imo
(07:22 / All) Starshaped: lol
(07:32 / All) Fiar-: i havent killed a unit yet
(07:38 / All) Rebuke: fuycj off rath
(07:49 / All) Starshaped: rainfire
(07:51 / All) Starshaped: ur going down feggit
(07:56 / All) Rebuke: man
(08:00 / All) Ricen: this kid thinks hes lucifer
(08:00 / All) Rebuke: thisnis why i didnt want to paly
(08:03 / All) CharlesDeGaulle: struck truce?
(08:08 / All) Starshaped: i havent even seen u
(08:09 / All) Starshaped: lol
(08:13 / All) Rebuke: rath
(08:14 / All) Rebuke: ur a faggit
(08:15 / All) Rebuke: fuck off
(08:35 / All) Starshaped: whos was that
(08:36 / All) Starshaped: attacking
(08:39 / All) Starshaped: yellow
(08:40 / All) Starshaped: just now
(08:42 / All) Starshaped: lets team himm
(08:43 / All) orc_is_h4x: hi
(08:46 / All) rainfire: i hate you
(08:48 / All) Ricen: hey rainbow of faggot
(08:49 / All) Starshaped: hes a faggot
(08:52 / All) Ricen: why did you kill my peasants
(08:54 / All) Starshaped: he ruined my quick expo
(08:56 / All) Ricen: i demand you pay for their funerals
(08:59 / All) Starshaped: now it dosnt have as many towers
(09:01 / All) Starshaped: as it could have
(09:24 / All) CharlesDeGaulle: abuse the weak
(09:33 / All) CharlesDeGaulle: thats how we do it in france
(09:35 / All) Starshaped: h4x
(09:39 / All) Starshaped: kill rainfire
(09:41 / All) Starshaped: thx
(09:42 / All) Starshaped: xoxoxoxo
(09:45 / All) rainfire: FU
(09:49 / All) rainfire: ALL KILL PINK
(09:57 / All) CharlesDeGaulle: fire im displeased with u
(10:07 / All) Fiar-: :(
(10:11 / All) Rebuke: rofl
(10:11 / All) Starshaped: shit
(10:13 / All) Starshaped: who the fuck
(10:13 / All) Rebuke: this host/comp
(10:14 / All) Starshaped: has an rob
(10:15 / All) Fiar-: blame teal
(10:16 / All) Starshaped: orb
(10:17 / All) Fiar-: he forced my hand
(10:20 / All) orc_is_h4x: me
(10:25 / All) Starshaped: h4x fuck you
(10:26 / All) Starshaped: thats lame
(10:30 / All) Rebuke: this is bullshit haha
(10:53 / All) Fiar-: :(
(10:55 / All) Fiar-: not nice
(10:58 / All) rainfire: two gays are sandwiching me
(10:59 / All) RainbowOfWin: that sound is me measuring the size of my balls
(11:00 / All) CharlesDeGaulle: i let ur hero go
(11:08 / All) Fiar-: thats true
(11:09 / All) Fiar-: thanks
(11:13 / All) Ricen: ghetto wth man?
(11:14 / All) Starshaped: you cant out-tower me rainfire
(11:15 / All) Starshaped: sorry
(11:22 / All) Ricen: HE
(11:38 / All) Rebuke: why am i still in this game
(11:39 / All) Rebuke: sigh
(11:47 / All) RainbowOfWin: god damnit dont be flamestruck for this game
(11:48 / All) Starshaped: holly shit
(11:49 / All) Starshaped: ur all t3
(11:52 / All) Starshaped: im still t1 lol
(11:56 / All) stevenxu: selling bat services to highest bidder
(12:03 / All) CharlesDeGaulle: bat teal plox
(12:06 / All) stevenxu: where is he
(12:07 / All) Starshaped: agreed
(12:19 / All) CharlesDeGaulle: 8 o clock aboppout
(12:30 / All) stevenxu: what race are you
(12:41 / All) CharlesDeGaulle: i r ud
(12:44 / All) stevenxu: k
(12:51 / All) stevenxu: feed em bm 3 fiends and i'll bat teal
(12:58 / All) stevenxu: feed my bm 3 fiends and i bat teal*
(12:59 / All) stevenxu: y/n
(13:03 / All) Rebuke: joke host/comp
(13:05 / All) Rebuke: sigh
(13:08 / All) CharlesDeGaulle: hmm
(13:17 / All) CharlesDeGaulle: keke
(13:20 / All) Starshaped: hey fagh4x
(13:21 / All) Rebuke: cant even do basic commands
(13:34 / All) Starshaped: so um
(13:35 / All) RainbowOfWin: pj
(13:36 / All) CharlesDeGaulle: nab
(13:37 / All) RainbowOfWin: look
(13:38 / All) orc_is_h4x: k.
(13:40 / All) RainbowOfWin: dont let him play anymore
(13:44 / All) Starshaped: h4x i wont send my 100/100 riflecaster
(13:48 / All) Starshaped: and u dont kill me
(13:49 / All) RainbowOfWin: if he's going to keep quitting
(13:51 / All) CharlesDeGaulle: struck nonaggression plox
(13:51 / All) RainbowOfWin: every single game
(13:59 / All) Zith): who the fuck is ricen
(14:00 / All) stevenxu: yo charles my bm is here.  shall i take 3 fields?
(14:04 / All) stevenxu: i got 70 food of bats at your service
(14:07 / All) 66Dragon6: a clan stne person
(14:15 / All) CharlesDeGaulle: where ur bm?
(14:19 / All) stevenxu: here
(14:28 / All) Starshaped: WHERE ARE LABS
(14:31 / All) Starshaped: I WANTR SHREEDERS
(14:36 / All) stevenxu: aight batting teal when i hit 80
(15:08 / All) Ricen: hey i need wood
(15:10 / All) Ricen: someone give me wood
(15:28 / All) CharlesDeGaulle: i hear the goblins invented this machine
(15:28 / All) Ricen: lol n1
(15:31 / All) rainfire: more towers
(15:33 / All) Ricen: you learn that in 4s rt?
(15:39 / All) RainbowOfWin: Shut up.
(15:43 / All) Ricen: fuck you
(15:47 / All) RainbowOfWin: Shut upo.
(15:49 / All) stevenxu: teal has way too many towers
(15:50 / All) Ricen: you shut up
(15:54 / All) rainfire: mid
(15:55 / All) Starshaped: hey wombie
(15:56 / All) Starshaped: i need that mine
(15:59 / All) Starshaped: unsummon
(15:59 / All) rainfire: green in mid
(16:01 / All) Starshaped: and i wont
(16:06 / All) Starshaped: kill u
(16:21 / All) Starshaped: sigh
(16:23 / All) Starshaped: just comply
(16:24 / All) Starshaped: plz
(16:59 / All) 66Dragon6: towers take less micro than units
(16:59 / All) rainfire: wow
(17:03 / All) rainfire: mana well regen sucks
(17:11 / All) Ricen: yeah you have some intense ne staff micro
(17:13 / All) Ricen: you pro
(17:17 / All) Starshaped: OK TEAL
(17:18 / All) Starshaped: THIS IS WAR
(17:23 / All) Starshaped: I WILL DEDICATE MYSELF
(17:25 / All) Starshaped: TO MASSING TANKS
(17:26 / All) Starshaped: AND SENDING THEM
(17:28 / All) Starshaped: TO UR BASE
(17:29 / All) Starshaped: FAGGOT
(17:54 / All) ze.rath3isafaig: i already have to bat vs bat with 1.5 second disadvantage
(18:01 / All) ze.rath3isafaig: so getting tanked woulddlnt be a heart breakre
(18:06 / All) Starshaped: well then
(18:15 / All) Starshaped: u just killed the lvl 1 palading off the wrong guy
(18:16 / All) Starshaped: I GET MAD EASILY
(18:20 / All) Starshaped: h4x
(18:23 / All) Starshaped: lets kill teal
(18:32 / All) Starshaped: he'll come for you too
(18:47 / All) Starshaped: wtf
(18:56 / All) orc_is_h4x: woops
(19:06 / All) Starshaped: peeps keep leaving
(19:25 / All) orc_is_h4x: are all the azerothlers massing siege?
(19:31 / All) Ricen: No bye
(19:43 / All) Starshaped: wtf
(19:45 / All) Starshaped: this isnt 12 ffa
(19:47 / All) CharlesDeGaulle: ur kinda pissing me off oscar
(19:48 / All) 66Dragon6: someone kill orange
(19:49 / All) Starshaped: its faggot leavers ffa
(19:55 / All) Starshaped: I SAID I NEEDED THE MINE
(19:59 / All) Starshaped: U DIDNT COMPLY
(20:03 / All) CharlesDeGaulle: U ALREADY HAVE UR NATURAL
(20:08 / All) Starshaped: yeah
(20:08 / All) Zith): who was ricen
(20:09 / All) Starshaped: i need 1 more
(20:11 / All) Starshaped: duh
(20:13 / All) CharlesDeGaulle: ricen was rice
(20:19 / All) Zith): logical
(20:59 / All) Starshaped: shit
(21:03 / All) Starshaped: godlmines depleet fast
(21:20 / All) Zith): so who'sleft?
(21:30 / All) 66Dragon6: someone kill orange please
(21:32 / All) 66Dragon6: kthx
(21:37 / All) orc_is_h4x: why
(21:43 / All) 66Dragon6: bats and towers
(21:53 / 6) ze.rath3isafaig: those wre ment for orange
(21:59 / All) 66Dragon6: :((((
(22:16 / All) CharlesDeGaulle: im gonna keep coming
(22:17 / All) Starshaped: so wombie
(22:21 / All) CharlesDeGaulle: vive la france libre
(22:22 / All) Starshaped: how about
(22:24 / All) Starshaped: we work together
(22:25 / All) Starshaped: <3
(22:34 / All) CharlesDeGaulle: how about u get the fuck out of my natural
(22:38 / All) Starshaped: i need it
(22:40 / All) Starshaped: i told you
(22:48 / All) CharlesDeGaulle: you are not showing me much goodwill
(22:55 / All) Starshaped: dragon
(22:56 / All) Starshaped: u faggot
(22:57 / All) Starshaped: gtfo
(22:58 / All) Starshaped: or die
(22:58 / All) CharlesDeGaulle: im afraid i tend to be reciprocal in my relationships
(24:32 / All) Starshaped: wombat
(24:36 / All) Starshaped: we can work together
(24:40 / All) CharlesDeGaulle: i have no mine
(24:48 / All) Starshaped: ok
(24:50 / All) Starshaped: we kill dragon
(24:52 / All) Starshaped: and u take his
(24:55 / All) Starshaped: 2v1 that faggot
(25:03 / All) orc_is_h4x: teal you nigger
(25:08 / All) Starshaped: TOLD U 4HX
(25:10 / All) Starshaped: I TOLD U
(25:15 / All) Starshaped: WOMBAT
(25:16 / All) Starshaped: BACK OFF
(25:18 / All) orc_is_h4x: what
(25:23 / All) orc_is_h4x: lets kill teal
(25:23 / All) Starshaped: i told u lets kill teal
(25:26 / All) Starshaped: u didnt listen
(25:29 / All) CharlesDeGaulle: give me my fucking natural back
(25:30 / All) Starshaped: now im fighting 3 other nabs
(25:31 / All) ze.rath3isafaig: i have no income
(25:32 / All) ze.rath3isafaig: at all
(25:36 / All) ze.rath3isafaig: dark green has my expo
(25:37 / All) Starshaped: TAKE DRAGONS
(25:47 / All) CharlesDeGaulle: I CANT GET TO DRAGON
(25:51 / All) CharlesDeGaulle: U HAVE ME ENCIRCLED
(26:00 / All) Starshaped: so i kill him
(26:02 / All) Starshaped: and u take expo
(26:06 / All) CharlesDeGaulle: GEOGRAPHY IS DESTINY
(26:22 / All) orc_is_h4x: teal you nigger
(26:31 / All) orc_is_h4x: did you really just piss off the guy with wyrms and 5 5 5 heroes
(26:36 / 7) 66Dragon6: ill feed yuou
(26:38 / All) Starshaped: lol
(26:42 / 7) 66Dragon6: come to your base to kill my heros
(26:43 / 6) ze.rath3isafaig: feed me what
(26:45 / All) Starshaped: ok wombat
(26:48 / All) Starshaped: take fiars expo
(26:50 / All) Starshaped: he ahs nothing
(26:51 / 6) ze.rath3isafaig: i just need 6
(26:53 / All) Starshaped: ROFL 
(26:55 / 6) ze.rath3isafaig: 25 xp
(26:56 / All) Starshaped: NICE TRY YELLOW
(26:56 / 7) 66Dragon6: just come
(27:00 / All) Starshaped: DONT MESS WITHT HE KING OF TIOWERS
(27:01 / All) rainfire: towers everywhere
(27:01 / All) CharlesDeGaulle: i liek fire
(27:14 / All) CharlesDeGaulle: fire got out of my natural
(27:48 / All) CharlesDeGaulle: besides 3 wyrms cant take his towers
(28:02 / All) Starshaped: im taking it out
(28:03 / All) Starshaped: for you
(28:04 / All) Starshaped: <3
(28:06 / All) Starshaped: u can ahs it
(28:11 / All) Fiar-: playing with a touchpad is gay
(28:51 / All) Starshaped: wombat
(28:53 / All) Starshaped: u with me
(28:54 / All) Starshaped: or not?
(29:00 / All) ze.rath3isafaig: id say dark green is srongest right now
(29:01 / All) ze.rath3isafaig: gold wise
(29:15 / All) CharlesDeGaulle: i cant do shit either way
(29:34 / All) Fiar-: TRYING TO FIGHT TEAL
(29:35 / All) Fiar-: FAGGOT
(29:45 / All) orc_is_h4x: rainfire
(29:48 / All) orc_is_h4x: bad idea
(29:48 / All) rainfire: what
(29:49 / All) orc_is_h4x: stop it
(30:03 / All) rainfire: i dunno what yur talking bout :>
(31:19 / All) ze.rath3isafaig: stop it
(31:25 / All) Starshaped: k wombat
(31:26 / All) Starshaped: all urs
(31:26 / All) stevenxu: sry rice told me to :(
(31:41 / All) rainfire: found something"!
(31:54 / All) stevenxu: ok im done
(31:54 / All) Starshaped: take it
(31:56 / All) Starshaped: and join me
(31:56 / All) stevenxu: you can have my bats as exp
(31:57 / All) stevenxu: enjoy
(31:59 / All) ze.rath3isafaig: DARJ GREEN HAS 100000 GOLD
(31:59 / All) CharlesDeGaulle: kthx
(32:01 / All) ze.rath3isafaig: KILL HIM IM DED
(32:07 / All) ze.rath3isafaig: DARK GREEN AND ORANGE A=RE ALLIES
(32:10 / All) ze.rath3isafaig: ORANGE HAS WHOLE TOP
(32:24 / All) Starshaped: dark green isnt an issue
(32:24 / All) stevenxu: nah i was only allied with rice
(32:26 / All) Starshaped: anymore
(32:27 / All) stevenxu: he wanted me to avenge him
(32:28 / All) Starshaped: ;..;
(32:40 / All) Fiar-: grey
(32:43 / All) ze.rath3isafaig: DARK GREEN HAS 10KK
(32:43 / All) CharlesDeGaulle: if u wwre allied with rice u rpolly allied with fire but i dont care iether way
(32:44 / All) Fiar-: you're in the way of my tanks
(32:47 / All) ze.rath3isafaig: HE HAS 13 WORKSHOPS
(32:50 / All) ze.rath3isafaig: AND 13 AIARIES
(32:57 / All) stevenxu: i dont like fire he ks me in dota
(33:04 / All) CharlesDeGaulle: burn trees
(33:20 / All) orc_is_h4x: yeah rainfire
(33:25 / All) rainfire: what is it
(33:26 / All) orc_is_h4x: whine whole game then tower up
(33:58 / All) rainfire: HELP
(34:12 / All) rainfire: ITEMS FOR HELP
(34:30 / All) CharlesDeGaulle: greta now i have to unsummon 1 more zigs
(34:37 / All) CharlesDeGaulle: *2
(34:53 / All) ze.rath3isafaig: ILL JUST LEAVE IT AT THAT GRENE
(34:55 / All) ze.rath3isafaig: DONT BE A BULY
(36:31 / All) Starshaped: b off buddy
(36:39 / All) Starshaped: hey wombie
(36:43 / All) Starshaped: u doing good?
(36:45 / All) CharlesDeGaulle: no
(36:50 / All) CharlesDeGaulle: cant even keep mine up
(36:52 / All) rainfire: ey FU
(36:53 / All) ze.rath3isafaig: HE ZERGED HIS ACOS ON MY TOWERS
(36:58 / All) Starshaped: i see
(37:02 / All) Starshaped: i kill his base for you
(37:02 / All) Starshaped: np
(37:09 / All) orc_is_h4x: hey
(37:11 / All) orc_is_h4x: don't
(37:17 / All) rainfire: ALL ON HAX
(37:18 / All) rainfire: NOW
(37:19 / All) Starshaped: b off zith
(37:22 / All) rainfire: GIVE ITEMS
(37:24 / All) CharlesDeGaulle: flamestruck u got flamestrike?
(37:25 / All) Zith): PAY ME
(37:32 / All) Starshaped: no
(37:35 / All) CharlesDeGaulle: :(
(37:36 / All) Starshaped: i went gay tirnity this time
(37:40 / All) CharlesDeGaulle: fire u got flamestrike?
(37:46 / All) Fiar-: yeah
(37:48 / All) Starshaped: why do ua sk?=
(37:51 / All) Fiar-: but touchpad is making it hard
(37:57 / All) Fiar-: to do anything
(37:58 / All) Fiar-: but tanks
(37:58 / All) CharlesDeGaulle: burn a way teals base
(38:09 / All) CharlesDeGaulle: northeast border
(38:14 / All) orc_is_h4x: get the fuck out you fucking rt noobelf
(38:15 / All) ze.rath3isafaig: WHY ME
(38:18 / All) orc_is_h4x: can someone kill teal
(38:22 / All) ze.rath3isafaig: WHY ME
(38:24 / All) Fiar-: i tried
(38:25 / All) ze.rath3isafaig: IM NOT THE ONE WITH 6 MINES
(38:27 / All) ze.rath3isafaig: AND 15K
(38:28 / All) Fiar-: flamestruck saved him
(38:35 / All) ze.rath3isafaig: SAVE ME FLAMESTRUCK
(38:38 / All) ze.rath3isafaig: GREEN HAS 6 MINUES
(38:38 / All) orc_is_h4x: flamestruck why do you save the mass tower orcs
(38:39 / All) ze.rath3isafaig: AND 15K
(38:40 / All) orc_is_h4x: try again
(38:42 / All) ze.rath3isafaig: 6 MINES AT 50 FOOD
(38:44 / All) Starshaped: save who?
(38:47 / All) Starshaped: im killing expos
(38:48 / All) orc_is_h4x: the orcs
(38:49 / All) Starshaped: and gving them to wombat
(38:58 / All) Starshaped: i just killed 3 orc expos
(39:05 / All) Starshaped: rainfire
(39:07 / All) Starshaped: b off now
(39:07 / All) Starshaped: or die
(39:08 / All) Starshaped: h4x
(39:10 / All) orc_is_h4x: ?
(39:13 / All) Starshaped: do me a fvour
(39:16 / All) Starshaped: kill rainfire
(39:21 / All) Starshaped: ur wyrms should easily kill his mass cata
(39:23 / All) Starshaped: free exp
(39:24 / All) orc_is_h4x: i killed army and lots towers
(39:27 / All) orc_is_h4x: you finish it
(39:32 / All) Starshaped: no im far awau
(39:33 / All) Starshaped: killing orcs
(39:40 / Specific player) ze.rath3isafaig: CAN I HIDE A BUROW IN UR BASE?
(40:05 / All) rainfire: fucking ass
(40:08 / All) Starshaped: i told u
(40:12 / All) Starshaped: zioth
(40:13 / All) Starshaped: B OFF NOW
(40:14 / All) orc_is_h4x: mass bats towers
(40:15 / All) Starshaped: OR FKN DIE
(40:38 / All) Starshaped: ZITH
(40:40 / All) Starshaped: IM WARNING YOU
(40:43 / All) Starshaped: H4X
(40:44 / All) Starshaped: B OFF
(40:50 / All) Starshaped: alright
(40:56 / All) Fiar-: wombat
(40:58 / All) Fiar-: get ready
(41:00 / All) orc_is_h4x: sorry lol
(41:05 / All) Starshaped: FU H4X
(41:06 / All) Zith): IM JUST TRYING TZO CROSS THE STREETS
(41:08 / All) Starshaped: I NEEDED THAT
(41:10 / All) Zith): BUT ITS BLOCKED
(41:11 / All) orc_is_h4x: was
(41:12 / All) Zith): BY !=== TOWERS
(41:13 / All) orc_is_h4x: tabbed
(41:30 / All) orc_is_h4x: Teal
(41:33 / All) orc_is_h4x: you fucking nigger
(41:35 / All) orc_is_h4x: die already
(41:41 / All) Starshaped: he has burrows in my base
(41:43 / All) Starshaped: want them taken out=
(41:46 / All) Fiar-: YES
(41:46 / All) orc_is_h4x: yes
(41:46 / Specific player) ze.rath3isafaig: OPLS
(41:48 / Specific player) ze.rath3isafaig: GREEN HAS 16K
(41:50 / All) Starshaped: WELL TOO BAD
(41:51 / All) CharlesDeGaulle: fire is performing fall gelb on teal atm
(41:52 / All) orc_is_h4x: kill him already
(41:52 / All) Starshaped: U KILLED M EXPO
(41:53 / All) Starshaped: FUCKER
(41:56 / All) Starshaped: UR DEAD MAN H4X
(41:56 / All) orc_is_h4x: he's 50 percent on aze
(41:57 / All) Starshaped: U AND ZITH
(41:59 / All) Starshaped: FUCKERS
(42:06 / All) Starshaped: taking down MY EXPOS
(42:07 / All) Starshaped: THE NERVE
(42:15 / All) Fiar-: hax
(42:17 / All) rainfire: hey
(42:18 / All) rainfire: HEY LOOK
(42:20 / All) rainfire: HAX
(42:22 / All) rainfire: GETS ZITH
(42:24 / All) rainfire: EXE
(42:26 / All) Zith): STFU RAINFIRE
(42:27 / All) orc_is_h4x: yea
(42:29 / All) Starshaped: b off h4x
(42:30 / All) orc_is_h4x: i got only fiends
(42:30 / All) Starshaped: u daggot
(42:41 / All) Starshaped: yes daggot
(42:49 / All) orc_is_h4x: rainfire
(42:51 / All) orc_is_h4x: should i fight
(42:52 / All) rainfire: TOP RIGHT
(42:54 / All) Fiar-: just passing through
(42:54 / All) orc_is_h4x: with 1 fiend
(42:56 / All) Fiar-: wombay
(42:56 / All) rainfire: IS ZITH
(43:16 / All) Starshaped: fiar b off
(43:30 / All) Fiar-: kill tel
(43:33 / All) rainfire: theres a peon in my base
(43:35 / All) Fiar-: yeal
(43:36 / All) Starshaped: ur lucky h4x
(43:43 / All) Starshaped: im needed elswhere
(43:44 / All) orc_is_h4x: where is teal
(43:58 / All) Starshaped: in my base
(44:00 / All) ze.rath3isafaig: GREEN HAS 40K
(44:03 / All) ze.rath3isafaig: HE HAS BEEN UNDER 50 ALL GAME
(44:06 / All) ze.rath3isafaig: ABND HE HAS 1000 TOWERS
(44:08 / All) orc_is_h4x: which green
(44:12 / All) ze.rath3isafaig: THAT GREEN
(44:17 / All) orc_is_h4x: faggot
(44:19 / All) Starshaped: yeah i cans ee
(44:20 / All) Starshaped: h4x
(44:22 / All) Starshaped: get up to 80
(44:23 / All) Starshaped: or die
(44:33 / All) Starshaped: fear my riflecaster
(44:46 / All) orc_is_h4x: teal hacks
(44:47 / All) Starshaped: good wombie
(44:49 / All) Starshaped: u got teh expo
(44:54 / All) orc_is_h4x: how would he know ive been below 50?
(44:58 / All) ze.rath3isafaig: U HAVE 3 HEROS
(45:00 / All) ze.rath3isafaig: AND A WYRM
(45:01 / All) Starshaped: i can see ur army
(45:01 / All) ze.rath3isafaig: EVEYWERHE U GO
(45:02 / All) Starshaped: 1 wyrm
(45:03 / All) Starshaped: lol
(45:05 / All) ze.rath3isafaig: U DONT EVEN WASTE A FOOD ON SHADE
(45:08 / All) Starshaped: h4x b off
(45:09 / All) ze.rath3isafaig: AFTER GETTING BMED
(45:10 / All) ze.rath3isafaig: 10 TIMES
(45:13 / All) ze.rath3isafaig: WORM TONGUE
(45:15 / All) Fiar-: why hasnt teal been revealed
(45:17 / All) Fiar-: or gas his
(45:20 / All) Fiar-: has he
(45:26 / All) ze.rath3isafaig: OPINK
(45:28 / All) ze.rath3isafaig: SAFE ME
(45:29 / All) ze.rath3isafaig: IN UR BASE
(45:40 / All) orc_is_h4x: wheres the rest
(45:42 / All) rainfire: starface
(45:43 / All) rainfire: get
(45:44 / All) Starshaped: dunno
(45:45 / All) rainfire: wombat
(45:47 / All) Starshaped: only 1 burrow in my base
(45:47 / All) rainfire: hes top to you
(45:50 / All) orc_is_h4x: where is the rest of teal
(45:55 / All) Starshaped: wombat is with me
(46:36 / All) orc_is_h4x: wheres teals base seriously
(46:39 / All) Fiar-: idk
(46:41 / All) Fiar-: im looking
(46:43 / All) CharlesDeGaulle: his main is dead
(46:55 / All) ze.rath3isafaig: U NOOBS HAVE TO 6V21 ME
(46:59 / Specific player) ze.rath3isafaig: FAIGS
(47:01 / All) ze.rath3isafaig: FAIGS
(47:14 / All) CharlesDeGaulle: bm/towers tend to piss ppl off
(47:21 / All) Starshaped: wombat
(47:24 / All) Starshaped: dont kill ur allies peons
(47:41 / All) rainfire: hax dont you want to attack starshaped
(47:52 / All) orc_is_h4x: id rathwe wanna attack you
(48:01 / All) Starshaped: too ate
(48:03 / All) Starshaped: hes dead
(48:08 / All) orc_is_h4x: thx dawg
(48:15 / All) Starshaped: he tried batting my dragon
(48:17 / All) Starshaped: but i staffed it ^_^
(48:20 / All) rainfire: ahaha
(48:21 / All) rainfire: coll you are
(48:25 / All) Starshaped: yeah
(48:25 / All) rainfire: cool
(48:29 / All) rainfire: as in 
(48:30 / All) rainfire: youre NOT
(48:33 / All) rainfire: swedish fag
(48:37 / All) Starshaped: h4x im taking his nat
(48:39 / All) Starshaped: dont mess with me
(48:40 / All) rainfire: bake me a DAIM
(48:43 / All) Starshaped: ive got 100/100 of roflcastro
(49:01 / All) Fiar-: a-move
(49:02 / All) Fiar-: sorry
(49:31 / All) orc_is_h4x: beautiful
(49:35 / All) Starshaped: wow
(49:40 / All) Starshaped: god damn fiar
(49:43 / All) Starshaped: sending mass tanks
(49:44 / All) Starshaped: at me
(49:52 / All) Starshaped: h4x
(49:55 / All) Starshaped: ur next on my list
(49:56 / All) Starshaped: for that
(50:57 / All) Fiar-: why zith
(50:58 / All) Fiar-: why
(51:01 / All) Fiar-: im tanking flamestruck
(51:02 / All) Fiar-: why
(51:07 / All) Zith): so what?
(51:10 / All) CharlesDeGaulle: fuck you teal
(51:12 / All) Starshaped: lol
(51:15 / All) Starshaped: 5-5-5 hu heroes
(51:17 / All) Starshaped: is funy
(51:26 / All) orc_is_h4x: oh well
(51:31 / All) orc_is_h4x: time to break upkeep and kill flamestruck
(51:35 / All) Starshaped: but u been banking at 50
(51:36 / All) Starshaped: faggot
(51:39 / All) Starshaped: i got 120k gold
(51:39 / All) Starshaped: hf
(51:44 / All) orc_is_h4x: lol rly
(51:48 / All) Starshaped: yeah
(51:49 / All) Starshaped: lol
(51:50 / All) Starshaped: ui?
(51:54 / All) orc_is_h4x: theres hardly that much gold on the map
(52:01 / All) CharlesDeGaulle: i hate this map
(52:02 / All) Starshaped: ^_^
(52:07 / All) ze.rath3isafaig: auuuuuugugh
(52:11 / All) Fiar-: zith is hiding teal
(52:17 / All) ze.rath3isafaig: unsere helt ist tot ;(
(52:19 / All) Starshaped: h4x
(52:19 / All) Starshaped: heroes?
(52:24 / All) orc_is_h4x: 6-5-6
(52:25 / All) ze.rath3isafaig: im revealed on map retards
(52:27 / All) Starshaped: same
(52:30 / All) ze.rath3isafaig: to right of yellow
(52:35 / All) ze.rath3isafaig: north of pinks top expo
(52:36 / All) CharlesDeGaulle: U BUILT A HALL
(52:41 / All) ze.rath3isafaig: and east of greens top expo
(52:42 / All) ze.rath3isafaig: no id idnt
(52:54 / All) orc_is_h4x: thx
(53:03 / All) Starshaped: =))
(53:12 / All) ze.rath3isafaig: IMO GREEN WINS
(53:12 / All) Starshaped: holy shit
(53:13 / All) Starshaped: fu h4x
(53:18 / All) ze.rath3isafaig: HE HAS 50 K GOLD
(53:22 / All) ze.rath3isafaig: AND 14 BEASTIARIES
(53:35 / All) ze.rath3isafaig: AND GARK DREEN WILL ATTACK CLOSESET NEIGHBOR
(53:36 / All) orc_is_h4x: beastiaries
(53:38 / All) orc_is_h4x: are you retarded
(53:48 / All) Starshaped: fiar ur so gay
(53:49 / All) Starshaped: lol
(53:53 / All) orc_is_h4x: yo truck wanna fight
(53:57 / All) Starshaped: no
(53:59 / All) Starshaped: im still banking
(54:01 / All) Starshaped: give me a min
(54:09 / All) Starshaped: let me scan ur army
(54:11 / All) Starshaped: see what to get
(54:12 / All) Starshaped: where ua t
(54:14 / All) CharlesDeGaulle: i've been forced to sell parts of my base
(54:24 / All) CharlesDeGaulle: to keep building these costly ass haunted mines
(54:30 / All) Starshaped: wow h4x
(54:32 / All) Starshaped: tower/expo whore
(54:48 / All) Starshaped: wombat
(54:50 / All) Starshaped: u there?
(54:54 / All) ze.rath3isafaig: HAX IS NOW 100 FOOD
(54:56 / All) ze.rath3isafaig: BUT HE STILL HAS 15K
(54:58 / All) CharlesDeGaulle: ya
(54:59 / All) orc_is_h4x: hacker
(55:01 / All) Starshaped: lets 2v1 h4x
(55:02 / All) CharlesDeGaulle: but i got like nothing
(55:05 / All) ze.rath3isafaig: MY HERO IS DEAD
(55:07 / All) Starshaped: anything u got
(55:09 / All) ze.rath3isafaig: BECAUSE U DIDNT PROTECT ME
(55:11 / All) Starshaped: we gotta kill h4x
(55:11 / All) orc_is_h4x: lol i have exactly 15k
(55:15 / All) Starshaped: he ahs entire east side
(55:32 / All) ze.rath3isafaig: U GUYS ALL LET HIM HAVE WHOLE SIDE
(55:41 / All) ze.rath3isafaig: WHIE YOU HUNTED DOWN THE DANGEROUS NO EXPO BLADEMAST ER
(55:44 / All) Starshaped: fuken ud is gay in ffa
(55:48 / All) CharlesDeGaulle: i told struck to go to his east
(55:50 / All) CharlesDeGaulle: but NOOOO
(55:56 / All) Starshaped: rainfire was tower whoring
(56:02 / All) CharlesDeGaulle: so was everyone
(56:03 / All) ze.rath3isafaig: GREY KILLAN ACO
(56:07 / All) ze.rath3isafaig: SO U CAN GET THAT EXTRA 24 GOLD
(56:19 / All) CharlesDeGaulle: "k"
(57:44 / All) ze.rath3isafaig: train morts on banshees
(57:54 / All) ze.rath3isafaig: then statues
(58:09 / All) Starshaped: fken 2v1 nobos
(58:18 / All) orc_is_h4x: what the
(58:21 / All) Zith): i was a moving through...
(58:25 / All) ze.rath3isafaig: night elf has expo top middle
(58:28 / All) ze.rath3isafaig: and top right
(58:44 / All) Zith): NO IM NOT
(58:46 / All) Zith): STOPLYING
(58:54 / All) Starshaped: h4x
(58:55 / All) ze.rath3isafaig: help pink vs green
(58:56 / All) Starshaped: ur so gay
(58:58 / All) ze.rath3isafaig: dont help stronger guy
(58:59 / All) orc_is_h4x: what
(58:59 / All) ze.rath3isafaig: thats lame
(59:05 / All) Starshaped: yeah zith
(59:08 / All) orc_is_h4x: teal you maphacking nigger
(59:10 / All) Starshaped: help me vs the fag ehre
(59:16 / All) orc_is_h4x: how would you know all this without hacking
(59:23 / All) ze.rath3isafaig: im buying reveals
(59:28 / All) orc_is_h4x: bad idea wombat
(59:29 / All) orc_is_h4x: right
(59:33 / All) orc_is_h4x: and you know where the fight is
(59:35 / All) Starshaped: gogo wombie
(59:37 / All) Starshaped: zith fuck off
(59:56 / All) Starshaped: do u realize
(59:59 / All) Starshaped: how strong h4x is
(60:01 / All) Starshaped: and u attack me
(60:01 / All) Starshaped: wow
(60:06 / All) ze.rath3isafaig: he doesnt want 1st place
(60:07 / All) ze.rath3isafaig: he wants 2nd
(60:15 / All) orc_is_h4x: shut up hacking nigger
(60:47 / All) Starshaped: theres no wood
(60:54 / All) ze.rath3isafaig: this map is trash
(60:54 / All) CharlesDeGaulle: i have 10k rofl
(61:13 / All) CharlesDeGaulle: we should be able to trade resources
(61:24 / All) CharlesDeGaulle: hitler gave stalin guns
(61:52 / All) Starshaped: teamers
(61:53 / All) Starshaped: fu
(61:57 / All) ze.rath3isafaig: i think obs will agree pink outplayed others
(61:59 / All) Zith): theres no teaming
(62:03 / All) orc_is_h4x: lol
(62:05 / All) Starshaped: well
(62:07 / All) Starshaped: theres a 3v1 going on
(62:13 / All) orc_is_h4x: gross oversimplification
(62:14 / All) Starshaped: suck my huge viking cock
(62:50 / All) CharlesDeGaulle: HAX HOW MANY BEASTIARIES U HAVE?
(62:54 / All) ze.rath3isafaig: 15
(62:56 / All) orc_is_h4x: thousands
(63:26 / All) ze.rath3isafaig: down to one buildling
(63:26 / All) orc_is_h4x: still not dead?
(63:27 / All) orc_is_h4x: wow
(63:27 / All) ze.rath3isafaig: ;_;
(63:34 / All) Starshaped: seriously there is noob wood
(63:35 / All) ze.rath3isafaig: grey has expo top right
(63:36 / All) Starshaped: on this damn map
(63:42 / All) CharlesDeGaulle: i ate it all
(63:43 / All) ze.rath3isafaig: left i mean
(63:46 / All) ze.rath3isafaig: grey has a top left expo
(64:07 / All) ze.rath3isafaig: TYEQAH PROTECT THAT ANCIENT
(64:10 / All) ze.rath3isafaig: FAG TEAMER
(64:20 / All) orc_is_h4x: hacker
(64:31 / All) orc_is_h4x: do you dare call others fags really?
(64:43 / All) ze.rath3isafaig: takes one to know one
(64:48 / All) orc_is_h4x: erm
(64:49 / All) orc_is_h4x: yes
(64:50 / All) orc_is_h4x: clearly
(64:55 / All) orc_is_h4x: i need a rocket science degree
(64:58 / All) orc_is_h4x: to realise you hack
(64:58 / All) Starshaped: lol
(65:01 / All) orc_is_h4x: when you got no unit
(65:05 / All) Starshaped: ur admitting u mh
(65:07 / All) orc_is_h4x: and still see everything going on
(65:09 / All) Starshaped: so its not a comeback
(65:14 / All) ze.rath3isafaig: i liked ur failed right click on my INVIS bm earlier, u lamer
(65:23 / All) orc_is_h4x: uh
(65:27 / All) orc_is_h4x: you're an idiot
(65:36 / All) Starshaped: h4x might be a teaming f4g
(65:37 / All) CharlesDeGaulle: FUCK OFF HAX
(65:38 / All) Starshaped: but he dosnt mh
(65:45 / All) CharlesDeGaulle: THIS IS MY LAST CHANCe
(65:49 / All) orc_is_h4x: i am not sad enough to hack at a video game
(65:53 / All) orc_is_h4x: especially a custom FFA
(65:54 / All) orc_is_h4x: rogl
(65:56 / All) orc_is_h4x: rofl
(66:02 / All) ze.rath3isafaig: ITS OBS ON DEFEAT NOOB
(66:03 / All) Starshaped: but teaming is alright
(66:03 / All) ze.rath3isafaig: IM DEFEATED
(66:05 / All) Starshaped: =(((
(66:09 / All) orc_is_h4x: are you this sc2nowc4yes virgin
(66:13 / All) orc_is_h4x: yes obs and not refs
(66:22 / All) Starshaped: zith
(66:24 / All) Starshaped: seriously
(66:25 / All) Starshaped: truce
(66:28 / All) Starshaped: and kill h4x
(66:30 / All) Zith): k
(66:36 / All) Starshaped: he ahs 50k
(66:38 / All) Starshaped: mass expos
(66:40 / All) Starshaped: mass heroes
(66:43 / All) Starshaped: fkn ud in ffa
(66:44 / All) orc_is_h4x: mass lol
(66:48 / All) Starshaped: STFU MASSER
(67:02 / All) Starshaped: i dont have ebough wood
(67:05 / All) Starshaped: to get 3-3 upgrades
(67:06 / All) Starshaped: rofl
(67:21 / All) Starshaped: team zith
(67:22 / All) Starshaped: b off
(67:24 / All) CharlesDeGaulle: i have 10k wood
(67:34 / All) Starshaped: zith...
(67:43 / Observers) ze.rath3isafaig: if this were ladder zith would not be going after pnk
(67:44 / Observers) ze.rath3isafaig: -_-
(67:48 / All) Starshaped: god damn it
(67:50 / All) Starshaped: i need wood
(67:51 / All) Starshaped: stop it
(68:09 / All) CharlesDeGaulle: plz dont hax
(68:13 / All) orc_is_h4x: why
(68:16 / All) orc_is_h4x: its obs on defeat
(68:18 / All) Starshaped: wombat
(68:19 / All) Starshaped: FUCK OFF
(68:20 / All) orc_is_h4x: but k
(68:20 / All) Starshaped: I NEED WOOD
(68:28 / All) Zith): I GOT WOOD
(68:30 / All) Starshaped: lets go zith
(68:43 / All) Zith): where is he anyway
(68:44 / All) Starshaped: hit his top right
(68:52 / All) Starshaped: hes at my base
(69:00 / All) orc_is_h4x: i dont have active mines anymore anyway
(69:01 / All) Starshaped: wtf
(69:10 / All) Starshaped: i got 5k gold but 0 wood
(69:11 / All) Starshaped: lol
(69:14 / All) Starshaped: fear my mass footmen
(69:18 / All) CharlesDeGaulle: i have 10k wood
(69:22 / All) orc_is_h4x: Fear Alma Again
(69:36 / All) CharlesDeGaulle: theres trees west of my former base
(69:41 / All) CharlesDeGaulle: near merc camp
(70:02 / Observers) ze.rath3isafaig: tiem for 1v2
(70:20 / Observers) ze.rath3isafaig: arofl
(70:21 / All) Starshaped: wow
(70:25 / All) Starshaped: thats totally lame guys
(70:26 / All) Starshaped: gg
(71:16 / All) CharlesDeGaulle: KRAUT FIGHT
(71:27 / All) Zith): ggs
(71:30 / All) orc_is_h4x: gg
(71:38 / All) CharlesDeGaulle: gg hax
(71:41 / All) orc_is_h4x: gg